Map: Turbo Cruise '84 LE

Players

TrumpyClaus - Winner!

  • Race: Terran Terran
  • League: Platinum
  • Spawn Location: 7:00

SandboX

  • Race: Zerg Zerg
  • League: Gold
  • Spawn Location: 3:00

VOD

Have the link to the VOD?

Description

Time

  • Played on: Aug. 14, 2019, 9:09 p.m.
  • Length: 6:37
Show
View Real Time Build Order
Export as new Build Order

TrumpyClaus Terran - Winner!

Build Orders: 2 Factory 

Get SALT Encoding   

  12  0:02  SCV  
  13  0:14  SCV  
  13  0:18  Supply Depot  
  14  0:26  SCV  
  15  0:40  SCV  
  15  0:41  Barracks  
  16  0:48  Refinery  
  16  0:52  SCV  
  17  1:04  SCV  
  18  1:16  SCV  
  19  1:22  Refinery  
  19  1:28  SCV  
  19  1:30  Marine, Supply Depot  
  21  1:40  SCV  
  22  1:48  Marine  
  22  1:52  SCV  
  24  1:54  Factory  
  24  2:05  SCV, Marine  
  26  2:19  SCV  
  27  2:26  Barracks  
  27  2:31  SCV  
  28  2:42  Factory  
  28  2:43  SCV  
  29  2:53  Marine  
  29  2:55  Factory Tech Lab  
  31  3:18  Barracks Reactor  
  31  3:27  Barracks Reactor  
  30  3:31  Supply Depot x2  
  30  3:37  Factory Tech Lab  
  30  3:53  Siege Tank  
  30  3:55  Supply Depot  
  33  3:57  Marine  
  33  3:58  Marine  
  35  4:04  Siege Tank  
  38  4:10  Marine  
  38  4:11  Marine  
  38  4:15  Marine  
  38  4:16  Marine  
  42  4:26  Siege Tank  
  42  4:28  Marine x2  
  42  4:30  Supply Depot  
  47  4:33  Marine x2  
  49  4:41  Siege Tank  
  52  4:46  Marine x2  
  52  4:51  Marine  
  52  4:52  Marine  
  56  4:53  Supply Depot  
  56  5:04  Marine x2  
  58  5:09  Marine x2  
  60  5:22  Marine x2  
  60  5:27  Marine x2  
  64  5:39  Marine  
  64  5:40  Marine  
  66  5:44  Marine  
  66  5:46  Siege Tank  
  70  5:52  Marine  
Show
View Real Time Build Order
Export as new Build Order

SandboX Zerg 

Build Orders: Hatch First 

Get SALT Encoding   

  12  0:01  Drone  
  13  0:13  Overlord  
  13  0:20  Drone  
  14  0:31  Drone x2  
  14  0:35  Drone  
  17  0:58  Drone  
  17  0:59  Hatchery  
  17  1:00  Drone  
  18  1:10  Extractor  
  17  1:22  Spawning Pool  
  17  1:23  Drone  
  17  1:24  Drone  
  18  1:37  Drone  
  19  1:50  Overlord  
  19  1:56  Drone  
  20  2:11  Zergling x4  
  20  2:12  Metabolic Boost  
  20  2:13  Queen  
  23  2:16  Queen  
  25  2:26  Drone x2  
  25  2:27  Drone  
  28  2:34  Drone x2  
  30  2:57  Hatchery  
  29  3:02  Drone x2  
  29  3:03  Drone  
  32  3:05  Overlord  
  32  3:14  Drone x2  
  34  3:29  Drone x7  
  34  3:33  Overlord  
  41  3:47  Roach Warren  
  40  3:54  Extractor  
  39  3:55  Extractor  
  38  4:16  Drone x5  
  38  4:17  Drone x7  
  49  4:21  Overlord x2  
  50  4:26  Lair  
  50  4:32  Evolution Chamber  
  50  4:34  Queen  
  50  4:36  Evolution Chamber  
  50  4:44  Drone x4  
  54  4:54  Overlord x2  
  54  5:08  Drone  
  54  5:09  Drone x6  
  54  5:12  Extractor  
  60  5:14  Extractor  
  60  5:17  Drone x3  
  60  5:18  Drone, Extractor  
  62  5:30  Hydralisk Den  
  61  5:39  Drone  
  61  5:40  Drone x10  
  72  5:51  Roach x5  
  72  5:56  Overlord x2  
  82  5:59  Overlord  
  82  6:08  Roach x4  
  88  6:16  Roach  
  88  6:17  Roach x3  
  96  6:18  Overlord x2  
Tags
 
Add a new tag
Caveats
  • Supply blocks, unpowered buildings, or Contaminate may cause inaccurate times.
  • Supply counts are checked every 10 seconds.